 Dungeon Crawl Stone Soup version 0.31-a0-185-g9dded2c639 (webtiles) character file.

Game seed: 4891700783950105885

105 qw the Skirmisher (level 4, 0/25 HPs)
             Began as a Deep Elf Hunter on June 22, 2023.
             Slain by a ball python (2 damage)
             ... on level 2 of the Dungeon.
             The game lasted 00:00:36 (941 turns).

qw the Skirmisher (Deep Elf Hunter)                  Turns: 941, Time: 00:00:37

Health: 0/25       AC:  5    Str: 10    XL:     4   Next: 54%
Magic:  6/6        EV:  8    Int: 14    God:
Gold:   52         SH:  0    Dex: 18    Spells: 3/3 levels left

rFire   . . .        Y - +0 shortbow
rCold   . . .        (shield currently unavailable)
rNeg    . . .        e - +0 ring mail
rPois   .            (no helmet)
rElec   .            (no cloak)
rCorr   .            (no gloves)
SInv    .            (no boots)
Will    .....        (no amulet)
Stlth   +            (no ring)
HPRegen 0.24/turn    (no ring)
MPRegen 0.10/turn

%: no passive effects
@: about to teleport, constricted
A: no striking features
a: no special abilities


You were on level 2 of the Dungeon.
You visited 1 branch of the dungeon, and saw 2 of its levels.

You collected 52 gold pieces.


   Skills:
 - Level 1.5 Fighting
 + Level 8.0 Ranged Weapons
 - Level 2.4 Dodging
 - Level 1.2 Stealth


You had 3 spell levels left.
You didn't know any spells.
Your spell library was empty.

Inventory:

Hand Weapons
 Y - a +0 shortbow (weapon)
Armour
 e - a +0 ring mail (worn)
Jewellery
 b - a ring of flight
Scrolls
 a - a scroll of teleportation
 c - a scroll of amnesia {unknown}
 h - a scroll of silence {unknown}
Potions
 d - a potion of attraction {unknown}
 f - a potion of curing {unknown}
 g - a potion of ambrosia {unknown}
 i - a potion of brilliance {unknown}
 j - a potion of mutation {unknown}

Dungeon Overview and Level Annotations

Branches:
Dungeon (2/15)

Altars:

Shops:
D:2 :

Annotations:
D:2 Natasha


Message History

You shoot an arrow. The arrow hits the adder.
The adder hisses angrily.
The adder is heavily wounded.
A ball python comes into view.
You shoot an arrow. The arrow barely misses the adder.
The ball python hisses angrily.
The arrow hits the ball python.
The ball python is moderately wounded.
You shoot an arrow. The arrow hits the adder.
The adder is almost dead.
You shoot an arrow. The arrow completely misses the adder.
The adder misses you.
A worm comes into view.
Natasha wildly gestures.
You feel disoriented.
Natasha stares at you and mumbles some strange words.
The magic dart hits you!
You shoot an arrow. The arrow misses the adder.
The adder bites you but does no damage.
Natasha stares at you and mumbles some strange words.
You resist with some effort.
You shoot an arrow. The arrow barely misses the adder.
The adder completely misses you. Natasha closely misses you.
The adder misses you. The ball python bites you. The ball python grabs you.
The ball python constricts you.
You shoot an arrow.
The arrow completely misses the ball python.
Natasha claws you! The adder bites you but does no damage.
The ball python bites you but does no damage.
The ball python constricts you.
940 ||| READING 2 scrolls of teleportation.
As you read the scroll of teleportation, it crumbles to dust.
You feel strangely unstable.
Natasha casts a spell.
The adder bites you but does no damage. The ball python closely misses you.
The ball python constricts you.
You shoot an arrow. The arrow hits the ball python.
The ball python is moderately wounded.
The adder bites you. The ball python bites you.
You die...

.........# #
.......#.##### #
#####..#.....########
# #...#####........#
#.#. ##.......# #.#.
#.......%( #.#.
#[........ #.........
#@S....... #Sh5.....[
....%..)..
.##........ ..
.%..... .. .......
..# ....... ...
.......


You could see Natasha, a cerulean imp (summoned), an adder and a ball python.

Vanquished Creatures
  Natasha (D:2)
  2 adders (D:2)
  A worm (D:2)
  A dart slug (D:1)
  5 endoplasms
  3 giant cockroaches
  5 goblins
  5 hobgoblins (D:1)
  8 jackals
  5 quokkas (D:1)
  5 ball pythons
  2 bats
  3 kobolds
  5 rats (D:1)
51 creatures vanquished.

Notes
Turn   | Place    | Note
-------+----------+-------------------------------------------
     0 | D:1      | qw the Deep Elf Hunter began the quest for the Orb.
     0 | D:1      | Reached XP level 1. HP: 12/12 MP: 3/3
     0 | D:1      | 0 ||| qw: Version: 0.3-a-9-g12657ce
     0 | D:1      | 0 ||| qw: Game counter: 1803
     0 | D:1      | 0 ||| qw: Always use a shield: true
     0 | D:1      | 0 ||| qw: God list: Okawaru
     0 | D:1      | 0 ||| qw: Allow faded altars: false
     0 | D:1      | 0 ||| qw: Do Orc after D:15 true
     0 | D:1      | 0 ||| qw: Do second Lair branch before Depths: true
     0 | D:1      | 0 ||| qw: Lair rune preference: random
     0 | D:1      | 0 ||| qw: Plans: Normal
     0 | D:1      | 0 ||| PLANNING D:1-11
    68 | D:1      | Reached XP level 2. HP: 16/16 MP: 4/4
    76 | D:1      | Reached skill level 6 in Ranged Weapons
   442 | D:1      | Reached XP level 3. HP: 20/20 MP: 5/5
   702 | D:1      | 702 ||| UPGRADING to +0 ring mail.
   712 | D:1      | 712 ||| DROPPING +0 leather armour.
   713 | D:1      | 713 ||| READING 3 scrolls labelled ONOECOLANT.
   716 | D:1      | 716 ||| READING scroll labelled DUOCAU GIOMER.
   717 | D:1      | 717 ||| READING scroll labelled HORUIQAHEY.
   718 | D:1      | 718 ||| DROPPING scroll of butterflies.
   738 | D:2      | Noticed Natasha
   741 | D:2      | Reached skill level 7 in Ranged Weapons
   741 | D:2      | 741 ||| FLEEEEING.
   742 | D:2      | 742 ||| STAIRDANCE
   785 | D:2      | 785 ||| STAIRDANCE
   808 | D:2      | Killed Natasha
   809 | D:2      | Reached XP level 4. HP: 25/25 MP: 6/6
   899 | D:2      | Found Qaixizxe's Book Shoppe.
   931 | D:2      | Reached skill level 8 in Ranged Weapons
   932 | D:2      | Noticed Natasha
   939 | D:2      | HP: 4/25 [Natasha (8)]
   940 | D:2      | 940 ||| READING 2 scrolls of teleportation.
   941 | D:2      | Slain by a ball python

Levels and vault maps discovered:
D:1:      sevenhm_arrival_forest_fort_small_3, layout_loops_cross
D:2:      layout_rooms, serial_shops, shop,
          shapermc_ecumenical_altar_flowoftime, kennysheep_generic_room_9,
          uniq_natasha

Skill      XL: |  1  2  3  4 |
---------------+-------------+-----
Ranged Weapons | 6 7 8 |  8.0
Fighting       | |  1.5
Dodging        | |  2.4
Stealth        | |  1.2

Action                     |  1- 3 |  4- 6 || total
---------------------------+-------+-------++-------
   Fire: Shortbow          |   111 |    44 ||   155
    Use: Scroll            |     3 |     1 ||     4
 Armour: Leather armour    |     9 |       ||     9
         Ring mail         |       |    19 ||    19
  Dodge: Dodged            |    27 |    24 ||    51

Table legend:
 A = Non-vault XP
 B = Vault XP
 C = Vault XP percentage of total XP
 D = Non-vault monster count
 E = Vault monster count
 F = Vault count percentage of total count
                 A         B        C        D         E       F
            +---------+---------+-------+---------+---------+-------
      Total |     116 |      35 |  23.2 |      50 |       1 |   2.0
            +---------+---------+-------+---------+---------+-------
        D:1 |      61 |       0 |   0.0 |      34 |       0 |   0.0
        D:2 |      55 |      35 |  38.9 |      16 |       1 |   5.9
            +---------+---------+-------+---------+---------+-------
